 Dungeon Crawl Stone Soup version 0.17.0-1-g61d176b (webtiles) character file.

58 SlimeFever the Insei (level 4, 0/28 HPs)
             Began as an Octopode Transmuter on Nov 7, 2015.
             Slain by an orc
             ... wielding a cursed -1 club
              (2 damage)
             ... on level 3 of the Dungeon.
             The game lasted 00:11:42 (1229 turns).

SlimeFever the Insei (Octopode Transmuter)          Turns: 1229, Time: 00:11:42

Health: 0/28       AC:  2    Str:  9    XL:     4   Next: 2%
Magic:  1/7        EV: 20    Int: 16    God:
Gold:   132        SH:  0    Dex: 17    Spells: 2 memorised, 3 levels left

rFire  . . .     SeeInvis .       - Unarmed
rCold  . . .     Clarity  .     (shield currently unavailable)
rNeg   . . .     SustAt   .     (helmet currently unavailable)
rPois  x         Gourm    .     e - amulet of inaccuracy (curse)
rElec  .         Spirit   .     (no ring)
rCorr  .         Warding  .     (no ring)
rMut   .         Stasis   .     (no ring)
MR     .....                    (no ring)
Stlth  ++........               (no ring)
                                (no ring)
                                (no ring)
                                (no ring)

@: spider-form, very slightly contaminated, not resistant to hostile
enchantments, unstealthy
A: almost no armour, amphibious, 8 rings, (constrict 8), (camouflage 0),
(gelatinous body 0)
a: End Transformation


You were on level 3 of the Dungeon.
You were not hungry.
You were a venomous arachnid creature.
You visited 1 branch of the dungeon, and saw 3 of its levels.

You collected 132 gold pieces.

Inventory:

Missiles
 a - 12 arrows
 l - 23 bolts
Jewellery
 e - a cursed amulet of inaccuracy (around neck)
Scrolls
 i - 2 scrolls of enchant armour
Potions
 d - 2 potions of mutation
 g - a potion of agility {unknown}
Books
 b - a book of Changes

   Spells                             Type                      Level
   a - Beastly Appendage              Transmutation                1
   b - Sticks to Snakes               Transmutation                2
   c - Spider Form                    Transmutation/Poison         3
   d - Ice Form                       Ice/Transmutation            4
   e - Blade Hands                    Transmutation                5
Comestibles
 c - a bread ration
 f - a meat ration


   Skills:
 + Level 1.2 Fighting
 + Level 2.5 Dodging
 + Level 1.1 Stealth
 + Level 3.3 Unarmed Combat
 + Level 2.3 Spellcasting
 * Level 2.8 Transmutations


You had 3 spell levels left.
You knew the following spells:

 Your Spells              Type           Power        Failure   Level  Hunger
a - Beastly Appendage     Trmt           ##....       24%         1    #......
b - Spider Form           Trmt/Pois      #.........   61%         3    ###....


Dungeon Overview and Level Annotations

Branches:
Dungeon (3/15)

Altars:
Fedhas
Ru


Innate Abilities, Weirdness & Mutations

You cannot wear most types of armour.
You are amphibious.
You can wear up to eight rings at the same time.
((You can use your tentacles to constrict eight enemies at once.))
((Your skin changes colour to match your surroundings (Stealth).))
((Your rubbery body absorbs attacks (AC +1).))


Message History

You constrict the orc, but do no damage.
The orc hits you with a short sword.
You closely miss the orc.
The orc is almost dead.
You constrict the orc.
You kill the orc!
You have reached level 4!
Casting: Beastly Appendage
Confirm with . or Enter, or press ? or * to list all spells.
You miscast Spider Form.
You are very lightly contaminated with residual magic.
Strange energies run through your body. The orc hits you with a club.
* * * LOW HITPOINT WARNING * * *
Casting: Spider Form
Confirm with . or Enter, or press ? or * to list all spells.
Your tentacle spike disappears.
You turn into a venomous arachnid creature.
The orc barely misses you.
You closely miss the orc. The orc hits you with a club.
You die...

#.#.# #.# ###...#+#.####
#..........#..
#..........#.####
#..........#.#..
#..........#.#.# ##
#..........#(#.#...#.
#............o..._...
#####.........##s#.#...#.
.........#...###.#.# ##
.........#...# #.#..
.........#...# #.####
.........#...# #..
.........#.<.# ###
.........#...#
######...#...# #########


You could see an orc.

Vanquished Creatures
  An adder (D:2)
  An ooze (D:2)
  A worm (D:2)
  A giant gecko (D:1)
  2 orcs (D:3)
  2 giant cockroaches
  4 hobgoblins
  6 bats
  4 giant newts
  7 goblins
  7 kobolds
  5 rats
41 creatures vanquished.

Notes
Turn   | Place    | Note
--------------------------------------------------------------
     0 | D:1      | SlimeFever the Octopode Transmuter began the quest for the Orb.
     0 | D:1      | Reached XP level 1. HP: 13/13 MP: 3/3
     2 | D:1      | Noticed an electric eel
   238 | D:1      | Reached XP level 2. HP: 12/18 MP: 3/5
   646 | D:2      | Reached XP level 3. HP: 19/23 MP: 4/6
   669 | D:2      | Found a blossoming altar of Fedhas.
   734 | D:2      | Learned a level 3 spell: Spider Form
   911 | D:2      | Reached skill level 1 in Stealth
  1209 | D:3      | Found a sacrificial altar of Ru.
  1226 | D:3      | Reached XP level 4. HP: 8/28 MP: 7/7
  1229 | D:3      | Slain by an orc

Action                   |  1- 3 |  4- 6 || total
-------------------------+-------+-------++-------
Melee: Unarmed           |    92 |     1 ||    93
 Cast: Beastly Appendage |    13 |       ||    13
       Spider Form       |     6 |     1 ||     7
  Use: Scroll            |     7 |       ||     7
       Potion            |     1 |       ||     1
 Stab: Sleeping          |     4 |       ||     4
  Eat: Bread ration      |     1 |       ||     1
